 Dungeon Crawl Stone Soup version 0.32-a0-779-g362cfcae2a (webtiles) character file.

Game seed: 15768359473381812337

3995 crimsonchili123 the Skirmisher (level 10, -3/86 HPs)
             Began as a Minotaur Hunter on Mar 19, 2024.
             Slain by Erica
             ... wielding a +4 scimitar of flaming
              (5 damage)
             ... on level 8 of the Dungeon.
             The game lasted 00:41:25 (7187 turns).

crimsonchili123 the Skirmisher (Minotaur Hunter)    Turns: 7187, Time: 00:41:26

Health: -3/86      AC: 14    Str: 19    XL:     10   Next: 3%
Magic:  0/9        EV:  7    Int:  6    God:
Gold:   84         SH:  0    Dex: 15    Spells: 9/9 levels left

rFire   . . .        f - +6 triple crossbow (chaos)
rCold   + . .        (shield currently unavailable)
rNeg    . . .        k - +5 ring mail {rC+}
rPois   +            (helmet restricted)
rElec   .            s - +2 cloak {rPois}
rCorr   .            (no gloves)
SInv    .            (no boots)
Will    .....        J - amulet of guardian spirit
Stlth   +            g - +5 ring of evasion
HPRegen 0.34/turn    z - ring of flight
MPRegen 0.11/turn

%: guardian spirit
@: about to teleport, flying, constricted
A: horns 2, retaliatory headbutt
a: no special abilities


You were on level 8 of the Dungeon.
You visited 1 branch of the dungeon, and saw 8 of its levels.

You collected 397 gold pieces.
You spent 313 gold pieces at shops.

Inventory:

Hand Weapons
 a - a +0 shortbow
 b - a +3 quarterstaff of chaos
 d - a +2 whip of electrocution
 f - a +6 triple crossbow of chaos (weapon)
 i - a +2 flail of protection
 q - a +1 dagger of venom
 t - a +0 hammer
 F - a +2 great sword
 H - a +3 short sword
Missiles
 h - 9 boomerangs
 v - 7 poisoned darts
 x - 37 stones
Armour
 c - a +0 leather armour
 k - a +5 ring mail of cold resistance (worn)
 s - a +2 cloak of poison resistance (worn)
 y - a +4 ring mail
 L - +0 steam dragon scales
Jewellery
 g - a +5 ring of evasion (left hand)
 m - a ring of protection from fire
 z - a ring of flight (right hand)
 J - an amulet of guardian spirit (around neck)
Talismans
 p - a storm talisman
Wands
 j - a wand of digging (4)
 n - a wand of paralysis (19)
 o - a wand of iceblast (22)
 A - a wand of flame (38)
Scrolls
 l - 2 scrolls of immolation
 B - 4 scrolls of identify
 E - 2 scrolls of vulnerability
 I - a scroll of butterflies
 K - 2 scrolls of brand weapon
 M - a scroll of fear
Potions
 e - 3 potions of enlightenment
 r - 7 potions of degeneration
 u - a potion of heal wounds {unknown}
 w - 2 potions of curing
 D - a potion of might {unknown}
 G - a potion of attraction {unknown}
 N - a potion of ambrosia {unknown}
 O - a potion of mutation {unknown}


   Skills:
 + Level 7.4 Fighting
 + Level 0.1 Maces & Flails
 + Level 12.4 Ranged Weapons
 + Level 7.3 Armour
 + Level 5.1 Dodging
 + Level 1.8 Stealth


You had 9 spell levels left.
You didn't know any spells.
Your spell library contained the following spells:

 Spells                   Type           Power      Damage    Failure   Level
 Apportation              Tloc           0%         N/A       63%         1
 Blink                    Tloc           0%         N/A       77%         2
 Ensorcelled Hibernation  Hex/Ice        0%         N/A       77%         2
 Jinxbite                 Hex            0%         N/A       77%         2
 Lesser Beckoning         Tloc           0%         N/A       77%         2
 Momentum Strike          Conj/Tloc      0%         3d8       77%         2
 Call Canine Familiar     Summ           0%         N/A       94%         3
 Passwall                 Erth           0%         N/A       94%         3
 Swiftness                Air            0%         N/A       94%         3
 Tukima's Dance           Hex            0%         N/A       94%         3
 Volatile Blastmotes      Fire/Tloc      0%         2d10      94%         3
 Anguish                  Hex/Necr       0%         N/A       100%        4
 Animate Armour           Summ/Erth      0%         N/A       100%        4
 Fulminant Prism          Conj/Alch      0%         3d5       100%        4
 Iskenderun's Mystic Bla  Conj/Tloc      0%         2d3       100%        4
 Passage of Golubria      Tloc           0%         N/A       100%        4
 Summon Blazeheart Golem  Fire/Summ      0%         N/A       100%        4
 Alistair's Intoxication  Alch           0%         N/A       100%        5
 Yara's Violent Unravell  Hex/Alch       0%         3d3       100%        5


Dungeon Overview and Level Annotations

Branches:
Dungeon (8/15)             Temple (0/1) D:6
   Lair: D:8-11

Altars:
Vehumet
Yredelemnul
Zin

Shops:
D:3 =   D:4 !*!(=   D:7 ?

Annotations:
D:4 2 runed translucent doors, Grombok's ghost, weakling OnGl
D:8 Erica


Innate Abilities, Weirdness & Mutations

You have a pair of horns on your head.
You reflexively headbutt those who attack you in melee.


Message History

Fire: f) +6 triple crossbow (chaos)
Press: ? - help, Shift-Dir - straight line, f - Erica
Aim: Erica, wielding a +4 scimitar of flaming and wearing a ring of resist corrosion (ally target, 62% to hit)
You shoot a bolt. The bolt barely misses Erica.
Fire: f) +6 triple crossbow (chaos)
Press: ? - help, Shift-Dir - straight line, f/p - Erica
Aim: Erica, wielding a +4 scimitar of flaming and wearing a ring of resist corrosion (ally target, 62% to hit)
You shoot a bolt. The bolt hits Erica!!
Erica seems to grow stronger.
Erica is moderately wounded.
Erica closely misses you. Erica grabs you. Erica constricts you.
Erica's grasp on you weakens, but your attempt to escape fails.
Erica hits you but does no damage. Erica constricts you.
Unknown command.
Erica's grasp on you weakens, but your attempt to escape fails.
Erica hits you with a +4 scimitar of flaming!!
Erica burns you! Erica constricts you.
You escape Erica's grasp.
You shoot a bolt. The bolt barely misses Erica.
Erica closely misses you.
Your howler monkey zombie barely misses Erica.
Erica hits you with a +4 scimitar of flaming!
Erica burns you. Erica barely misses you.
Your howler monkey zombie completely misses Erica.
You shoot a bolt. The bolt barely misses Erica.
Erica burbles wildly.
Erica hits you with a +4 scimitar of flaming!
Erica burns you. Erica grabs you. Erica constricts you.
Your howler monkey zombie hits Erica.
Erica hits you with a +4 scimitar of flaming!
* * * LOW HITPOINT WARNING * * *
Erica burns you.
* * * LOW HITPOINT WARNING * * *
Erica constricts you.
* * * LOW HITPOINT WARNING * * *
As you read the scroll of teleportation, it crumbles to dust.
You feel strangely unstable.
Your howler monkey zombie hits Erica.
Erica hits you with a +4 scimitar of flaming!
* * * LOW HITPOINT WARNING * * *
Erica burns you.
You die...
Erica begins burbling mirthfully and uncontrollably.

...#.#'####.##..##.##....###.#
..##...#....##.).#.##........
.##.#..#.#####.#.#.......########
#......#.##....#.#####...#.....<#
#.###..#....####.#.. #...#.######
#.###...#.)#####.#.#.##.##.#
.................#.#.......#
..##..#>...#######.####.####
..#...###..# #@Z......#
..#.#......# #x#.######
..#.#.###.######.#.#
###.#####.....##.#.#
#.....#####.##.#.#
#######.#...#.##.#.#
....<##.....#.##.#.#
####.####.###.#..#.#
.[..<.........# ..#


You could see Erica (strong, ally target) and a friendly howler monkey zombie.

Vanquished Creatures
  Maggie (D:8)
  Grinder (D:4)
  2 wyverns
  3 yaks (D:8)
  6 humans (D:6)
  An ice beast (D:5)
  A sky beast (D:6)
  An ogre (D:7)
  A centaur (D:8)
  A kobold brigand (D:5)
  2 bullfrogs
  A gnoll sergeant (D:8)
  A scorpion (D:6)
  4 wights (D:6)
  9 howler monkeys
  A bombardier beetle (D:6)
  5 hounds
  An orc priest (D:6)
  Crazy Yiuf (D:3)
  2 jellies
  Ijyb (D:3)
  Terence (D:3)
  3 iguanas
  3 orc wizards
  A sleepcap (D:5)
  2 human simulacra (D:8)
  Robin (D:4)
  4 gnolls (D:8)
  9 adders
  2 white imps (D:5)
  4 dart slugs
  2 ribbon worms
  12 orcs
  6 bats
  8 endoplasms
  2 giant cockroaches
  14 goblins
  9 hobgoblins
  4 jackals (D:3)
  5 quokkas
  6 ball pythons
  4 frilled lizards
  A goblin skeleton (D:6)
  7 kobolds
  12 rats
168 creatures vanquished.

Notes
Turn   | Place    | Note
-------+----------+-------------------------------------------
     0 | D:1      | crimsonchili123 the Minotaur Hunter began the quest for the
                  | Orb.
     0 | D:1      | Reached XP level 1. HP: 18/18 MP: 0/0
   160 | D:1      | Reached XP level 2. HP: 25/25 MP: 1/1
   216 | D:1      | Reached skill level 5 in Ranged Weapons
   584 | D:1      | Reached XP level 3. HP: 31/31 MP: 2/2
   990 | D:2      | Reached skill level 1 in Armour
  1054 | D:2      | Identified a scroll of acquirement
  1054 | D:2      | Acquired a +5 heavy triple crossbow
  1465 | D:3      | Reached XP level 4. HP: 38/38 MP: 3/3
  1542 | D:3      | Noticed Terence
  1546 | D:3      | Killed Terence
  1608 | D:3      | Found a runed translucent door.
  1609 | D:3      | Noticed Crazy Yiuf
  1641 | D:3      | Noticed Ijyb
  1642 | D:3      | Killed Ijyb
  1677 | D:3      | Found Liutoc's Jewellery Emporium.
  1729 | D:3      | Found a glowing silver altar of Zin.
  1735 | D:3      | Reached XP level 5. HP: 46/46 MP: 4/4
  1749 | D:3      | Found a radiant altar of Vehumet.
  2334 | D:3      | Killed Crazy Yiuf
  2335 | D:3      | Reached skill level 6 in Ranged Weapons
  2786 | D:4      | Found Qequclu's Distillery.
  2890 | D:4      | Noticed Grinder
  2891 | D:4      | Noticed Robin
  2893 | D:4      | Killed Robin
  2899 | D:4      | Killed Grinder
  2900 | D:4      | Reached skill level 7 in Ranged Weapons
  2900 | D:4      | Reached skill level 1 in Stealth
  2900 | D:4      | Reached XP level 6. HP: 46/53 MP: 5/5
  2916 | D:4      | Found Pyhutt's Jewellery Shop.
  2949 | D:4      | Found Qoxzits's Antique Weapon Boutique.
  2978 | D:4      | Found Losor's Distillery.
  2990 | D:4      | Found Mimise's Assorted Antiques.
  3104 | D:4      | Found a large runed translucent door.
  3105 | D:4      | Found a large runed translucent door.
  3107 | D:4      | Noticed Grombok's ghost (weakling OnGl)
  3161 | D:4      | Reached XP level 7. HP: 60/60 MP: 6/6
  3378 | D:5      | Entered Level 5 of the Dungeon
  3392 | D:5      | Got Utaim's Octavo of Fettered Leadership
  3688 | D:5      | Reached skill level 8 in Ranged Weapons
  3973 | D:6      | Reached skill level 5 in Fighting
  4165 | D:6      | Noticed a human
  4165 | D:6      | Noticed a human
  4166 | D:6      | Noticed a human
  4167 | D:6      | Noticed a human
  4168 | D:6      | Noticed a human
  4170 | D:6      | Killed a human
  4173 | D:6      | Killed a human
  4174 | D:6      | Reached XP level 8. HP: 38/69 MP: 7/7
  4175 | D:6      | Reached skill level 9 in Ranged Weapons
  4175 | D:6      | Reached skill level 5 in Armour
  4541 | D:6      | Reached skill level 10 in Ranged Weapons
  4619 | D:6      | Reached XP level 9. HP: 55/75 MP: 8/8
  5037 | D:6      | Found a staircase to the Ecumenical Temple.
  5095 | D:6      | Found a runed translucent door.
  5099 | D:6      | Found a basalt altar of Yredelemnul.
  5629 | D:7      | Reached skill level 11 in Ranged Weapons
  6046 | D:7      | Found Neic's Magic Scroll Boutique.
  6115 | D:7      | Bought 3 scrolls of brand weapon for 313 gold pieces
  6580 | D:8      | Reached skill level 5 in Dodging
  6643 | D:8      | Reached skill level 12 in Ranged Weapons
  6707 | D:8      | Noticed Maggie
  6714 | D:8      | Killed Maggie
  6715 | D:8      | Reached XP level 10. HP: 81/86 MP: 9/9
  7179 | D:8      | Noticed Erica
  7187 | D:8      | HP: 2/86 [Erica/+4 scimitar of flaming (14)]
  7187 | D:8      | Slain by Erica

Illustrated notes

Levels and vault maps discovered:
D:1:      dpeg_arrival_water_fire, layout_basic
D:2:      layout_basic
D:3:      layout_basic, mainiacjoe_overflow_catch_the_wave, serial_shops, shop,
          uniq_terence, uniq_ijyb, uniq_crazy_yiuf_cottage
D:4:      layout_rooms, ebering_ghost_disaster_area, serial_shops, shop, shop,
          shop, shop, nicolae_shop_statue_plus, hangedman_decor_points,
          hangedman_abyss_or_decor_lesser_grid, uniq_robin, uniq_grinder
D:5:      layout_rooms, blue_anna_alchemist
D:6:      kennysheep_spiral_hall, layout_loops_ring, dk_yredelemnul_ordeal,
          minmay_temple_entry_overgrown, minmay_ruffians
D:7:      layout_basic, serial_shops, nicolae_shop_pleasant_corner_grove
D:8:      layout_basic, nicolae_gozag_seed_capital, erik_lair_dragon,
          serial_glass, glass_columns_c, glass_columns_a, bh_circular_ruins,
          uniq_maggie, uniq_pikel, uniq_erica

Skill      XL: |  1  2  3  4  5  6  7  8  9 |
---------------+----------------------------+-----
Ranged Weapons | 5 7 8 10 12 | 12.4
Fighting       | 3 4 5 6 7 |  7.4
Armour         | 1 2 3 4 6 7 |  7.3
Stealth        | 1 |  1.8
Dodging        | 3 4 5 |  5.1
Maces & Flails | |  0.1

Action                     |  1- 3 |  4- 6 |  7- 9 | 10-12 || total
---------------------------+-------+-------+-------+-------++-------
  Melee: Whip              |    11 |       |       |       ||    11
         Headbutt          |     1 |       |     2 |       ||     3
         Triple crossbow   |       |     2 |    11 |       ||    13
   Fire: Shortbow          |    83 |       |       |       ||    83
         Triple crossbow   |    12 |    77 |   121 |    11 ||   221
    Use: Scroll            |     6 |     4 |     6 |     1 ||    17
         Potion            |       |     1 |       |       ||     1
 Armour: Leather armour    |    94 |     6 |       |       ||   100
         Ring mail         |       |    47 |   118 |    12 ||   177
  Dodge: Dodged            |    64 |   110 |   194 |    13 ||   381

Table legend: (Time is in decaauts)
 A = Elapsed time spent in this place.
 B = Non-inter-level travel time spent in this place.
 C = Inter-level travel time spent in this place.
 D = Time resting spent in this place.
 E = Time spent auto-exploring this place.
 F = Levels seen in this place.
 G = Mean time per level.
                   A        B        C        D        E       F      G
               +--------+--------+--------+--------+--------+-----+--------+
         Total |   7609 |   7217 |    392 |   1073 |   1620 |   8 |  951.1 |
       Dungeon |   7609 |   7217 |    392 |   1073 |   1620 |   8 |  951.1 |
               +--------+--------+--------+--------+--------+-----+--------+

Top non-repeatable levels by time:
     D:6: 1585 daAuts
     D:3: 1441 daAuts
     D:7: 1136 daAuts
     D:1: 864 daAuts
     D:4: 690 daAuts
     D:8: 673 daAuts
     D:2: 611 daAuts
     D:5: 606 daAuts
